 Dungeon Crawl Stone Soup version 0.29-a0-103-g37f86683bf (webtiles) character file.

Game seed: 11089833577345434717

3668 siradein the Summoner (level 10, -1/54 HPs)
             Began as a Tengu Summoner on Feb 15, 2022.
             Was an Initiate of Cheibriados.
             Slain by an acid dragon (13 damage)
             ... on level 7 of the Dungeon.
             The game lasted 00:26:33 (8827 turns).

siradein the Summoner (Tengu Summoner)              Turns: 8827, Time: 00:26:34

Health: -1/54      AC:  0    Str: 10    XL:     10   Next: 12%
Magic:  7/20       EV: 17    Int: 32    God:    Cheibriados [......]
Gold:   359        SH:  3    Dex: 16    Spells: 8/21 levels left

rFire   . . .      SeeInvis .   E - +0 trident (vorpal)
rCold   . . .      Faith    .   d - +0 buckler
rNeg    . . .      Spirit   .   m - +0 leather armour
rPois   .          Reflect  .   (helmet restricted)
rElec   .          Harm     .   o - +0 cloak
rCorr   .          Rampage  .   (no gloves)
Will    .....                   (boots unavailable)
Stlth   +++.......              (no amulet)
HPRegen 0.18/turn               k - +6 ring of intelligence
MPRegen 0.17/turn               n - +6 ring of intelligence

@: corroded, flying quickly and evasively, slow
A: beak, talons 3, nimble flight
a: Renounce Religion


You were on level 7 of the Dungeon.
You worshipped Cheibriados.
Cheibriados was noncommittal.
You visited 2 branches of the dungeon, and saw 8 of its levels.
You also visited: Sewer.

You collected 359 gold pieces.

Inventory:

Hand Weapons
 E - a +0 vorpal trident (weapon)
Missiles
 v - 2 curare-tipped darts
Armour
 d - a +0 buckler (worn)
 m - a +0 leather armour (worn)
 o - a +0 cloak (worn)
 G - a +2 scale mail of cold resistance
Magical Staves
 u - a staff of cold
Jewellery
 k - a +6 ring of intelligence (left hand)
 n - a +6 ring of intelligence (right hand)
Wands
 C - a wand of charming (10)
 F - a wand of digging (5)
Scrolls
 a - a scroll of amnesia
 b - 2 scrolls of noise {unknown}
 f - a scroll of acquirement
 g - 2 scrolls of summoning
 h - 3 scrolls of teleportation
 s - a scroll of fear
 t - a scroll of holy word {unknown}
 w - a scroll of enchant weapon {unknown}
 x - 3 scrolls of fog {unknown}
 y - a scroll of blinking {unknown}
 A - 6 scrolls of enchant armour {unknown}
 H - a scroll of immolation {unknown}
Potions
 c - 3 potions of lignification
 e - a potion of cancellation {unknown}
 i - a potion of heal wounds
 j - a potion of experience {unknown}
 l - 2 potions of attraction
 p - a potion of ambrosia {unknown}
 q - 4 potions of curing {unknown}
 r - 3 potions of resistance {unknown}
 z - 2 potions of degeneration {unknown}
 B - a potion of flight {unknown}
 D - a potion of brilliance {unknown}


   Skills:
 + Level 2.7 Fighting
 + Level 4.5 Polearms
 + Level 7.1 Dodging
 + Level 7.0 Stealth
 + Level 6.0 Spellcasting
 + Level 8.8 Summonings
 + Level 5.6 Air Magic


You had 8 spell levels left.
You knew the following spells:

 Your Spells              Type           Power      Damage    Failure   Level
a - Summon Small Mammal   Summ           100%       N/A       1%          1
b - Call Imp              Summ           61%        N/A       1%          2
c - Call Canine Familiar  Summ           61%        N/A       1%          3
d - Summon Guardian Gole  Hex/Summ       38%        N/A       4%          3
e - Summon Lightning Spi  Summ/Air       54%        N/A       4%          4

Your spell library contained the following spells:

 Spells                   Type           Power      Damage    Failure   Level
 Corpse Rot               Necr/Air       54%        N/A       4%          2
 Mephitic Cloud           Conj/Pois/Air  21%        N/A       12%         3
 Animate Armour           Summ/Erth      76%        N/A       14%         4
 Dazzling Flash           Conj/Hex       18%        N/A       26%         3
 Ignite Poison            Fire/Tmut/Pois 9%         N/A       26%         3
 Stone Arrow              Conj/Erth      18%        3d8       26%         3
 Iskenderun's Mystic Bla  Conj/Tloc      9%         2d4       63%         4
 Freezing Cloud           Conj/Ice/Air   10%        6-21      73%         5
 Fireball                 Conj/Fire      4%         3d4       93%         5
 Iskenderun's Battlesphe  Conj           9%         2d6       93%         5
 Conjure Ball Lightning   Conj/Air       13%        3x3d6     99%         6
 Starburst                Conj/Fire      4%         6d4       100%        6
 Orb of Destruction       Conj           4%         9d5       100%        7
 Lehudib's Crystal Spear  Conj/Erth      4%         10d3      100%        8


Dungeon Overview and Level Annotations

Branches:
Dungeon (7/15)             Temple (1/1) D:7           Sewer (visited)

Altars:
Ashenzari
Cheibriados
Dithmenos
Elyvilon
Fedhas
Gozag
Hepliaklqana
Kikubaaqudgha
Makhleb
Nemelex Xobeh
Okawaru
Qazlal
Ru
Sif Muna
Trog
Uskayaw
Vehumet
Wu Jian
Xom
Zin
The Shining One

Shops:
D:1 :*?(

Annotations:
D:6 1 runed translucent door, IdlyInterested's ghost, novice DsFi


Innate Abilities, Weirdness & Mutations

You have a beak for a mouth.
You have claws for feet.
Your magical nature lets you fly swiftly and evasively.


Message History

The gnoll completely misses you.
Your crimson imp blinks!
Unknown command.
You puncture the sky beast!
You kill the sky beast!
Cheibriados appreciates the change of pace.
Your warg closely misses the gnoll.
The gnoll misses you. The acid dragon spits acid at you.
The splash of acid hits you! The acid corrodes you! The gnoll misses you.
Your Spellcasting skill increases to level 6!
Casting: Call Imp (safe; 1% risk of failure)
Confirm with . or Enter, or press ? or * to list all spells.
Your warg disappears in a puff of smoke!
The gnoll barely misses you. The gnoll misses you.
Casting: Call Canine Familiar (safe; 1% risk of failure)
Confirm with . or Enter, or press ? or * to list all spells.
A metallic apparition takes form in the air.
Your crimson imp disappears in a puff of smoke!
The gnoll barely misses you.
Your lightning spire shoots out a bolt of lightning at the gnoll!
The bolt of electricity hits the gnoll!
The gnoll dies!
Cheibriados appreciates the change of pace.
The acid dragon bites you. The acid dragon barely misses you.
Your warg bites the gnoll!
You closely miss the acid dragon.
You peck the acid dragon, but do no damage.
The gnoll hits you with a +0 club. The acid dragon bites you!
The acid dragon barely misses you.
Your warg bites the gnoll!
The gnoll dies!
Cheibriados appreciates the change of pace.
Unknown command.
You closely miss the acid dragon. Your kick misses the acid dragon.
You peck the acid dragon, but do no damage.
The acid dragon closely misses you. The acid dragon claws you.
* * * LOW HITPOINT WARNING * * *
Your warg bites the acid dragon!
Unknown command.
The acid dragon bites you!
You die...

#....###.....##.## #..
........>...###..## ...
#.#..######..##...##.#
..#.#................#
..#.#..........###.###
..#.#†.........#.8...#
#...#..........#.?.(.#..
##.............5.D).))...
...##..........#@h.(.#...
.####..........#.....# .
.#> ..........###.### ..
#................#
.###..........##..#..#
.....########.........8
._...# ####...######.#..
.8_.# #....#.# .#..
._..####...#..###


You could see an acid dragon (ally target), a friendly warg (summoned), a
friendly lightning spire (summoned) and a friendly iron imp (summoned).

Vanquished Creatures
  A sky beast (D:7)
  A scorpion (D:5)
  A bullfrog zombie (D:4)
  5 adders
  2 river rats
  An adder skeleton (D:4)
  2 worms
  2 dart slugs
  10 orcs
  6 endoplasms
  2 giant cockroaches
  4 hobgoblins
  A jackal (D:5)
  12 kobolds
  8 ball pythons
  5 bats
  2 frilled lizards
  6 goblins
  9 rats
80 creatures vanquished.

Vanquished Creatures (collateral kills)
  A two-headed ogre (D:7)
  Joseph (D:7)
  Prince Ribbit (D:6)
  A wyvern (D:7)
  2 black bears
  An orc warrior (D:6)
  2 ogres
  3 ice beasts
  2 necrophages
  4 kobold brigands
  A gnoll sergeant (D:5)
  2 scorpions
  A bullfrog (D:7)
  A water moccasin skeleton (D:4)
  2 howler monkeys
  2 centaur zombies
  5 hounds
  A jelly (D:6)
  4 orc priests
  3 orc wizards
  6 gnolls
  A river rat (Sewer)
  3 adders
  A white imp (D:7)
  2 worms (Sewer)
  15 orcs
  3 endoplasms
  A giant cockroach (D:1)
  A goblin (D:4)
  6 hobgoblins
  A jackal (D:5)
  5 kobolds
  2 quokkas (D:4)
  2 ball pythons (D:4)
  A frilled lizard (D:3)
  A rat (D:2)
91 creatures vanquished.

Grand Total: 171 creatures vanquished

Notes
Turn   | Place    | Note
-------+----------+-------------------------------------------
     0 | D:1      | siradein the Tengu Summoner began the quest for the Orb.
     0 | D:1      | Reached XP level 1. HP: 10/10 MP: 4/4
    70 | D:1      | Found Ashejix's Magic Scroll Emporium.
   114 | D:1      | Reached XP level 2. HP: 3/15 MP: 3/6
   115 | D:1      | Reached skill level 5 in Summonings
   356 | D:1      | Found Xaycw's Weapon Emporium.
   382 | D:1      | Learned a level 2 spell: Call Imp
   893 | D:1      | Found Zousanu's Book Shop.
   901 | D:1      | Found Jidug's Assorted Antiques.
  1118 | D:2      | Reached XP level 3. HP: 19/19 MP: 4/7
  1276 | D:2      | Learned a level 3 spell: Call Canine Familiar
  1564 | D:2      | Reached XP level 4. HP: 7/24 MP: 6/8
  2205 | D:3      | Noticed an ice beast
  2321 | D:3      | Killed an ice beast
  2322 | D:3      | Gained mutation: Your magical nature lets you fly swiftly
                  | and evasively. [Tengu growth]
  2322 | D:3      | Reached XP level 5. HP: 28/28 MP: 1/10
  3122 | D:3      | Found a faded altar of an unknown god.
  3241 | D:3      | Identified a scroll of acquirement
  3302 | D:4      | Reached XP level 6. HP: 32/32 MP: 8/11
  3312 | D:4      | Reached skill level 6 in Summonings
  3432 | D:4      | Noticed a black bear
  3440 | D:4      | Killed a black bear
  3441 | D:4      | Reached XP level 7. HP: 36/36 MP: 9/13
  3586 | D:4      | Found a glowing drain.
  3626 | Sewer    | Entered a sewer
  3840 | Sewer    | Reached skill level 5 in Dodging
  4717 | D:4      | Reached skill level 7 in Summonings
  4997 | D:5      | Entered Level 5 of the Dungeon
  5102 | D:5      | Learned a level 3 spell: Summon Guardian Golem
  5107 | D:5      | Learned a level 4 spell: Summon Lightning Spire
  5457 | D:5      | Reached skill level 1 in Air Magic
  5457 | D:5      | Reached XP level 8. HP: 34/41 MP: 10/15
  5458 | D:5      | Reached skill level 5 in Stealth
  5499 | D:5      | Reached skill level 1 in Polearms
  6266 | D:6      | Noticed Prince Ribbit
  6278 | D:6      | Killed Prince Ribbit
  6279 | D:6      | Reached skill level 5 in Spellcasting
  6340 | D:6      | Found a shimmering blue altar of Sif Muna.
  6356 | D:6      | Reached XP level 9. HP: 39/45 MP: 14/17
  6414 | D:6      | Got Sif Muna's Guide on Darkness
  6419 | D:6      | Found a bloodstained altar of Trog.
  6597 | D:6      | Found a runed translucent door.
  6602 | D:6      | Reached skill level 8 in Summonings
  7799 | D:6      | Noticed IdlyInterested's ghost (novice DsFi)
  7912 | D:7      | Reached skill level 1 in Fighting
  7931 | D:7      | Found a staircase to the Ecumenical Temple.
  7935 | D:7      | Noticed Joseph
  7974 | D:7      | Killed Joseph
  8030 | Temple   | Entered the Ecumenical Temple
  8240 | Temple   | Became a worshipper of Cheibriados the Contemplative
  8355 | D:7      | Found a stormy altar of Qazlal.
  8536 | D:7      | Found an ancient bone altar of Kikubaaqudgha.
  8537 | D:7      | Found an ornate altar of the Wu Jian Council.
  8539 | D:7      | Noticed a two-headed ogre
  8550 | D:7      | Killed a two-headed ogre
  8551 | D:7      | Reached skill level 5 in Air Magic
  8551 | D:7      | Reached XP level 10. HP: 54/54 MP: 8/19
  8827 | D:7      | Slain by an acid dragon

Illustrated notes

Levels and vault maps discovered:
D:1:      dpeg_arrival_windows_large_door, layout_basic, serial_shops,
          nicolae_shop_waterfront, nicolae_shop_hallway_plus, shop_fountains,
          nicolae_shop_crystal, kennysheep_nondescript, minmay_crystal_water
D:2:      layout_rooms, minmay_misc_feat_secret_circle, minmay_heptomino_w4
D:3:      layout_loops_ring, shapermc_ecumenical_altar_flowoftime,
          kennysheep_minor_cross
D:4:      layout_loops_cross, portal_sewer_entry_c, small_statue_alley_b
D:5:      layout_loops_corners
D:6:      layout_loops_corners, nzn_overflow_gifts_of_might_and_magic,
          ebering_ghost_reflecting_pool, uniq_prince_ribbit1
D:7:      layout_rooms, chequers_temple_overflow_statue_of_worship,
          minmay_temple_entry_glass, minmay_chambers_of_fives, uniq_joseph
Temple:   eino_temple_rhombus

Skill      XL: |  1  2  3  4  5  6  7  8  9 10 |
---------------+-------------------------------+-----
Summonings     | 5 6 7 8 |  8.8
Dodging        | 3 4 5 6 7 |  7.1
Stealth        | 3 4 6 7 |  7.0
Spellcasting   | 3 4 5 6 |  6.0
Air Magic      | 1 3 5 |  5.6
Polearms       | 2 4 |  4.5
Fighting       | 2 |  2.7

Action                   |  1- 3 |  4- 6 |  7- 9 | 10-12 || total
-------------------------+-------+-------+-------+-------++-------
Melee: Unarmed           |    13 |       |       |       ||    13
       Kick              |    14 |    26 |    31 |     2 ||    73
       Peck              |    11 |     9 |    23 |     3 ||    46
       Spear             |    66 |    71 |   108 |       ||   245
       Punch             |       |     1 |       |       ||     1
       Trident           |       |       |    38 |     9 ||    47
 Cast: Summon Small Mamm |     8 |     2 |       |       ||    10
       Call Imp          |     7 |     7 |    22 |     3 ||    39
       Call Canine Famil |       |     4 |    21 |     2 ||    27
       Summon Guardian G |       |       |     2 |       ||     2
       Summon Lightning  |       |       |     5 |     2 ||     7
  Use: Scroll            |       |     5 |     4 |       ||     9
 Stab: Sleeping          |     3 |     6 |     7 |       ||    16
       Distracted        |       |     1 |     1 |       ||     2
Armor: Robe              |     6 |       |       |       ||     6
       Leather armour    |     3 |     8 |    13 |     1 ||    25
       Scale mail        |       |       |     6 |       ||     6
Dodge: Dodged            |    41 |    38 |    81 |    16 ||   176
Block: Buckler           |       |       |     5 |     3 ||     8

Table legend: (Time is in decaauts)
 A = Elapsed time spent in this place.
 B = Non-inter-level travel time spent in this place.
 C = Inter-level travel time spent in this place.
 D = Time resting spent in this place.
 E = Time spent auto-exploring this place.
 F = Levels seen in this place.
 G = Mean time per level.
                   A        B        C        D        E       F      G
               +--------+--------+--------+--------+--------+-----+--------+
         Total |   8540 |   8380 |    160 |     52 |   6605 |   9 |  948.9 |
       Dungeon |   7526 |   7366 |    160 |     52 |   5864 |   7 | 1075.1 |
        Temple |    208 |    208 |      0 |      0 |    144 |   1 |  208.0 |
         Sewer |    805 |    805 |      0 |      0 |    596 |   1 |  805.0 |
               +--------+--------+--------+--------+--------+-----+--------+

Top non-repeatable levels by time:
     D:6: 1459 daAuts
     D:5: 1187 daAuts
     D:3: 1116 daAuts
     D:2: 1062 daAuts
     D:1: 1060 daAuts
     D:4: 823 daAuts
     D:7: 816 daAuts
   Sewer: 805 daAuts
  Temple: 208 daAuts
